Map: Post-Youth LE

Players

BobertJoe - Winner!

  • Race: Zerg Zerg
  • League: Platinum
  • Spawn Location: 7:00

Bear

  • Race: Protoss Protoss
  • League: Diamond
  • Spawn Location: 1:00

VOD

Have the link to the VOD?

Description

Time

  • Played on: April 15, 2024, 6:28 p.m.
  • Length: 12:03
Show
View Real Time Build Order
Export as new Build Order

BobertJoe Zerg - Winner!

Build Orders: Hatch First 

Get SALT Encoding   

  12  0:00  Drone  
  13  0:12  Overlord  
  13  0:17  Drone  
  14  0:30  Drone  
  14  0:31  Drone  
  14  0:34  Drone  
  17  0:54  Hatchery  
  16  1:03  Drone x2  
  18  1:14  Extractor  
  18  1:16  Spawning Pool  
  16  1:20  Drone  
  17  1:29  Drone x2  
  19  1:38  Drone  
  20  1:53  Drone  
  21  2:03  Zergling x2  
  21  2:05  Queen x2  
  26  2:09  Drone  
  26  2:46  Lair  
  26  2:52  Drone x2, Hatchery  
  26  2:53  Drone  
  26  2:54  Overlord x2  
  28  3:31  Extractor  
  27  3:36  Drone x3, Extractor  
  27  3:37  Extractor  
  27  3:38  Drone x3  
  27  3:40  Drone x3  
  34  3:42  Drone x2  
  34  3:43  Queen x2  
  40  3:49  Spire  
  38  4:04  Drone  
  38  4:05  Drone x5  
  38  4:08  Drone  
  45  4:15  Drone  
  45  4:16  Drone x2  
  48  4:18  Drone  
  49  4:34  Overlord  
  49  4:35  Overlord  
  49  4:36  Overlord  
  49  5:00  Mutalisk x7  
  49  5:03  Drone  
  49  5:04  Drone x3  
  49  5:05  Drone  
  69  5:07  Drone  
  69  5:11  Overlord  
  69  5:13  Overlord  
  69  5:31  Mutalisk  
  69  5:32  Mutalisk x2  
  68  6:26  Mutalisk  
  68  6:27  Mutalisk x5  
  72  6:49  Zergling x2  
  72  6:50  Zergling x16  
  79  6:58  Mutalisk  
  81  7:14  Metabolic Boost  
  77  7:36  Mutalisk x3  
  78  7:52  Mutalisk  
  80  7:59  Overlord x3  
  80  8:00  Overlord  
  80  8:16  Hatchery  
  80  8:19  Hatchery  
  78  8:24  Hatchery  
  78  8:26  Hatchery  
  76  8:28  Extractor  
  76  8:30  Extractor  
  74  8:43  Hydralisk Den  
  74  8:44  Hatchery  
  72  8:54  Drone x2  
  72  8:55  Drone  
  75  8:56  Drone x3  
  75  8:58  Drone x3  
  81  9:15  Hydralisk  
  81  9:16  Hydralisk x9  
  101  9:19  Muscular Augments  
  91  9:48  Hydralisk  
  91  9:49  Hydralisk x18  
  129  9:53  Overlord x2  
  129  9:54  Overlord  
  129  9:57  Drone  
  129  9:58  Drone x6  
  136  10:06  Hydralisk x4  
  138  10:09  Overlord x4  
  144  10:23  Grooved Spines  
  142  10:41  Hydralisk  
  142  10:42  Hydralisk x15  
  150  10:58  Hydralisk  
  150  10:59  Hydralisk x3  
  150  11:00  Hydralisk  
  150  11:15  Hydralisk x5  
  156  11:30  Hydralisk  
  156  11:31  Hydralisk x4  
  142  11:50  Drone  
  142  11:51  Drone x8  
Show
View Real Time Build Order
Export as new Build Order

Bear Protoss 

Build Orders:  

Get SALT Encoding   

  12  0:01  Probe  
  13  0:13  Probe  
  14  0:25  Pylon  
  14  0:26  Probe  
  15  0:43  Probe  
  16  0:55  Probe  
  17  1:09  Nexus  
  17  1:27  Gateway, Probe (Chrono Boost)  
  18  1:36  Probe (Chrono Boost)  
  19  1:43  Forge  
  19  1:44  Probe  
  20  1:56  Probe  
  21  2:04  Assimilator  
  21  2:05  Assimilator  
  21  2:09  Pylon  
  21  2:17  Cybernetics Core  
  21  2:23  Zealot (Chrono Boost)  
  21  2:25  Pylon  
  23  2:33  Photon Cannon  
  23  2:44  Gateway  
  23  2:57  Probe (Chrono Boost)  
  24  3:01  Probe (Chrono Boost)  
  25  3:07  Probe (Chrono Boost)  
  25  3:09  Probe (Chrono Boost)  
  25  3:10  Assimilator  
  25  3:12  Assimilator  
  27  3:13  Probe (Chrono Boost)  
  27  3:14  Probe (Chrono Boost)  
  29  3:23  Probe (Chrono Boost)  
  30  3:27  Stargate  
  30  3:33  Probe (Chrono Boost)  
  32  3:36  Probe (Chrono Boost)  
  32  3:40  Warp Gate  
  33  3:41  Probe (Chrono Boost)  
  33  3:42  Probe (Chrono Boost)  
  33  3:46  Probe (Chrono Boost)  
  35  3:50  Probe  
  36  3:58  Probe  
  36  4:02  Sentry  
  39  4:03  Pylon  
  39  4:05  Probe  
  40  4:14  Probe  
  45  4:17  Void Ray, Probe  
  46  4:26  Probe  
  46  4:27  Pylon  
  47  4:41  Photon Cannon  
  47  4:42  Photon Cannon  
  47  4:44  Shield Battery  
  47  4:48  Photon Cannon  
  47  4:54  Sentry, Oracle (Chrono Boost)  
  47  4:55  Protoss Ground Weapons Level 1  
  52  5:06  Nexus  
  52  5:08  Pylon  
  52  5:12  Probe x2  
  54  5:18  Stalker  
  56  5:22  Pylon  
  56  5:25  Robotics Facility, Probe x2  
  58  5:37  Probe  
  58  5:38  Probe  
  60  5:49  Probe  
  61  5:50  Probe  
  62  6:02  Phoenix, Probe x2  
  63  6:14  Probe x2  
  63  6:16  Stalker x2  
  67  6:26  Probe  
  67  6:27  Photon Cannon  
  67  6:29  Photon Cannon  
  67  6:30  Shield Battery, Phoenix  
  63  6:35  Shield Battery  
  61  6:40  Stalker x2  
  59  7:01  Pylon  
  59  7:03  Phoenix (Chrono Boost)  
  61  7:13  Stalker x2  
  60  7:44  Phoenix (Chrono Boost)  
  60  7:48  Photon Cannon x3  
  62  7:52  Photon Cannon, Shield Battery x2  
  62  7:55  Stalker  
  64  8:00  Sentry  
  66  8:17  Pylon  
  66  8:34  Phoenix (Chrono Boost)  
  68  8:41  Gateway  
  68  8:45  Twilight Council  
  68  8:53  Probe x2  
  70  8:58  Nexus  
  70  9:05  Probe x2  
  70  9:07  Void Ray (Chrono Boost)  
  75  9:11  Zealot x2  
  75  9:19  Pylon  
  65  9:35  Stalker x2  
  65  9:38  Stalker  
  68  9:48  Stargate  
  67  9:53  Charge (Chrono Boost)  
  67  9:56  Gateway  
  67  9:57  Gateway  
  67  9:59  Gateway  
  67  10:06  Gateway  
  67  10:10  Pylon  
  67  10:27  Stalker x2  
  67  10:28  Stalker  
  73  10:45  Pylon  
  65  10:59  Sentry x2  
  65  11:04  Shield Battery  
  51  11:14  Stalker x3  
  43  11:29  Stalker  
  43  11:33  Shield Battery x2  
  43  11:34  Shield Battery  
  43  11:38  Zealot x3  
  36  11:57  Zealot  
Tags
 
Add a new tag
Caveats
  • Supply blocks, unpowered buildings, or Contaminate may cause inaccurate times.
  • Supply counts are checked every 10 seconds.